 Dungeon Crawl Stone Soup version 0.30-a0-772-g5528072125 (webtiles) character file.

Game seed: 4397130341208791467

1864 kingofthe the Sneak (level 9, -3/51 HPs)
             Began as an Octopode Fire Elementalist on Feb 12, 2023.
             Was a Follower of Sif Muna.
             Slain by a wight
             ... wielding a +3 great sword
              (18 damage)
             ... on level 7 of the Dungeon.
             The game lasted 00:21:15 (7885 turns).

kingofthe the Sneak (Octopode Fire Elementalist)    Turns: 7885, Time: 00:21:16

Health: -3/51      AC:  5    Str:  7    XL:     9   Next: 13%
Magic:  7/17       EV: 15    Int: 18    God:    Sif Muna [*.....]
Gold:   81         SH:  3    Dex: 16    Spells: 7/18 levels left

rFire   . . .      SeeInvis .    l - +3 dagger
rCold   . . .      Faith    .    m - +0 buckler
rNeg    . . .      Spirit   .    (helmet restricted)
rPois   .          Reflect  .    u - amulet of regeneration
rElec   .          Harm     .    b - ring of wizardry
rCorr   .          Rampage  .    i - +4 ring of protection
Will    .....                    (no ring)
Stlth   ++++                     (no ring)
HPRegen 1.08/turn                (no ring)
MPRegen 0.15/turn                (no ring)
                                 (no ring)
                                 (no ring)

@: no status effects
A: almost no armour, amphibious, 8 rings, camouflage 1, gelatinous body 1,
(nimble swimmer 1), tentacles
a: Renounce Religion, Channel Magic


You were on level 7 of the Dungeon.
You worshipped Sif Muna.
Sif Muna was aware of your devotion.
You visited 2 branches of the dungeon, and saw 9 of its levels.

You collected 333 gold pieces.
You spent 252 gold pieces at shops.

Inventory:

Hand Weapons
 l - a +3 dagger (weapon)
Armour
 m - a +0 buckler (worn)
Jewellery
 b - a ring of wizardry (left tentacle)
 i - a +4 ring of protection (right tentacle)
 u - an amulet of regeneration (around mantle)
Wands
 k - a wand of charming (9)
 s - a wand of light (7)
Scrolls
 c - 2 scrolls of vulnerability
 d - 2 scrolls of amnesia {unknown}
 h - a scroll of torment {unknown}
 j - a scroll of immolation {unknown}
 o - 5 scrolls of identify
 q - a scroll of poison {unknown}
 r - a scroll of noise {unknown}
Potions
 a - a potion of magic
 e - 3 potions of heal wounds
 f - a potion of haste {unknown}
 g - 5 potions of curing
 n - a potion of invisibility {unknown}
 p - a potion of lignification {unknown}
 t - 2 potions of flight {unknown}


   Skills:
 * Level 5.9 Dodging
 + Level 6.1 Stealth
 + Level 5.4 Spellcasting
 + Level 5.1 Conjurations
 * Level 0.8 Translocations
 + Level 5.9 Fire Magic
 + Level 0.6 Poison Magic


You had 7 spell levels left.
You knew the following spells:

 Your Spells              Type           Power      Damage    Failure   Level
a - Foxfire               Conj/Fire      96%        2x1d8     1%          1
b - Scorch                Fire           52%        2d7       1%          2
c - Flame Wave            Conj/Fire      24%        2d8       7%          4
d - Poisonous Vapours     Pois/Air       12%        N/A       9%          2
z - Blink                 Tloc           14%        N/A       8%          2

Your spell library contained the following spells:

 Spells                   Type           Power      Damage    Failure   Level
 Magic Dart               Conj           92%        1d7       1%          1
 Searing Ray              Conj           46%        2d6       1%          2
 Kiss of Death            Conj/Necr      56%        2d9       2%          1
 Momentum Strike          Conj/Tloc      30%        3d8       3%          2
 Sting                    Tmut/Pois      24%        1d4       6%          1
 Inner Flame              Hex/Fire       15%        N/A       6%          3
 Summon Small Mammal      Summ           16%        N/A       7%          1
 Lesser Beckoning         Tloc           14%        N/A       8%          2
 Kindle Blastsparks       Fire/Tloc/Air  26%        2d12      9%          3
 Gell's Gravitas          Tloc           7%         N/A       16%         3
 Teleport Other           Tloc           7%         N/A       16%         3
 Call Canine Familiar     Summ           4%         N/A       21%         3
 Confusing Touch          Hex            4%         N/A       21%         3
 Summon Guardian Golem    Hex/Summ       4%         N/A       21%         3
 Fulminant Prism          Conj/Hex       7%         3d7       24%         4
 Olgreb's Toxic Radiance  Pois           7%         N/A       45%         4
 Dispel Undead            Necr           4%         3d7       52%         4


Dungeon Overview and Level Annotations

Branches:
Dungeon (8/15)             Temple (1/1) D:4
   Lair: D:8-11

Altars:
Ashenzari
Dithmenos
Elyvilon
Fedhas
Gozag
Hepliaklqana
Kikubaaqudgha
Makhleb
Nemelex Xobeh
Okawaru
Qazlal
Ru
Sif Muna
Trog
Uskayaw
Vehumet
Wu Jian
Xom
Zin
The Shining One

Shops:
D:2 (   D:4 :   D:8 (

Annotations:
D:3 1 runed translucent door, Crazy Yiuf


Innate Abilities, Weirdness & Mutations

You cannot wear most types of armour.
You are amphibious.
You can wear up to eight rings at the same time.
Your skin changes colour to match your surroundings (Stealth+).
Your rubbery body absorbs attacks. (AC +1, EV +1)
((You are camouflaged when in or above water. (Stealth+)))
You have tentacles for arms and can constrict up to eight enemies at once.


Message History

A wight comes into view. It is wielding a +3 great sword.
The wight misses you.
You conjure some foxfire!
The wight misses you.
A wight comes into view. It is wielding a +4 short sword.
Casting: Foxfire (safe; 1% risk of failure)
Confirm with . or Enter, or press ? or * to list all spells.
Flames lash the wight.
The wight is burned terribly!
You destroy the wight!
Sif Muna accepts your kill.
The foxfire hits the wight.
The wight is moderately damaged.
The foxfire hits the wight.
The wight is heavily damaged.
The wight attacks as you move away! The wight misses you.
The wight attacks as you move away!
The wight hits you with a +3 great sword!
There is an open door here.
The wight attacks as you move away!
The wight hits you with a +3 great sword!
Casting: Scorch (safe; 1% risk of failure)
Confirm with . or Enter, or press ? or * to list all spells.
Flames lash the wight.
The wight is lightly damaged.
The wight's fire resistance burns away.
You block the wight's attack.
You conjure some foxfire!
You block the wight's attack. The wight closely misses you.
The wight attacks as you move away! The wight closely misses you.
The foxfire hits the wight!
The wight is almost destroyed.
The foxfire hits the wight!
The wight is burned terribly!
The wight is severely damaged.
The wight attacks as you move away! The wight completely misses you.
The wight is no longer more vulnerable to fire.
The wight attacks as you move away!
The wight hits you with a +3 great sword!
* * * LOW HITPOINT WARNING * * *
You open the door.
A wight comes into view. It is wielding a +0 short sword.
The wight hits you with a +3 great sword!!
You die...

#........+.................#
#........#.................#
#...<....#.................#
#..##...####...##+#####...##
#..##...####...##...#####'## #
...............#.....'.z...# .#
...............#.....#.....# ..#
...............#.z...#...).# z..+
............<..'@z...#.....#ยง...#
...#####+###...########....'....#
##+ ##### #....#....# #...## ..##
###+# +#


You could see 3 wights.

Vanquished Creatures
  A troll (D:5)
  An ice beast (D:6)
  2 black bears
  2 sky beasts
  5 phantoms
  A kobold brigand (D:6)
  A bullfrog (D:6)
  A scorpion (D:4)
  A wight (D:7)
  A howler monkey (D:5)
  A vampire bat (D:6)
  A jelly (D:5)
  2 orc priests (D:5)
  A hound (D:4)
  Jessica (D:3)
  Terence (D:2)
  3 iguanas
  4 orc wizards (D:5)
  7 adders
  A white imp (D:6)
  An ufetubus (D:4)
  2 worms
  A dart slug (D:1)
  8 orcs
  8 ball pythons
  11 bats
  8 endoplasms
  2 giant cockroaches
  3 goblins
  4 hobgoblins
  9 jackals
  7 quokkas
  4 frilled lizards
  13 kobolds
  4 rats (D:1)
123 creatures vanquished.

Vanquished Creatures (others)
  A hobgoblin (D:3)
  440 foxfires
  4 fungi (D:3)
  5 plants (D:4)
450 creatures vanquished.

Grand Total: 573 creatures vanquished

Notes
Turn   | Place    | Note
-------+----------+-------------------------------------------
     0 | D:1      | kingofthe the Octopode Fire Elementalist began the quest
                  | for the Orb.
     0 | D:1      | Reached XP level 1. HP: 11/11 MP: 3/3
   252 | D:1      | Reached XP level 2. HP: 17/17 MP: 0/5
   260 | D:1      | Learned a level 2 spell: Scorch
   516 | D:1      | Reached skill level 3 in Stealth
   701 | D:1      | Reached XP level 3. HP: 11/21 MP: 1/6
  1598 | D:2      | Found a faded altar of an unknown god.
  1648 | D:2      | Noticed Terence
  1663 | D:2      | HP: 1/21 [Terence/+0 mace (7)]
  1664 | D:2      | Killed Terence
  1665 | D:2      | Reached XP level 4. HP: 2/27 MP: 0/8
  2018 | D:2      | Found Mevvig's Weapon Shop.
  2258 | D:3      | Noticed Jessica
  2265 | D:3      | Killed Jessica
  2366 | D:3      | Reached XP level 5. HP: 31/31 MP: 4/9
  3016 | D:3      | Found a radiant altar of Vehumet.
  3427 | D:3      | Found a runed translucent door.
  3428 | D:3      | Noticed Crazy Yiuf
  3454 | D:4      | Found a staircase to the Ecumenical Temple.
  3490 | D:4      | Noticed a black bear
  3509 | Temple   | Entered the Ecumenical Temple
  3516 | Temple   | Became a worshipper of Sif Muna the Loreminder
  3779 | D:4      | Reached skill level 4 in Stealth
  3779 | D:4      | Reached XP level 6. HP: 36/36 MP: 3/11
  4244 | D:4      | Found Ephyu's Book Shoppe.
  4613 | D:4      | Killed a black bear
  4690 | D:4      | Reached XP level 7. HP: 41/41 MP: 8/12
  4769 | D:5      | Entered Level 5 of the Dungeon
  4877 | D:5      | Noticed a troll
  5066 | D:5      | Reached * piety under Sif Muna
  5287 | D:5      | Reached skill level 5 in Stealth
  5390 | D:5      | Killed a troll
  5391 | D:5      | Reached skill level 5 in Fire Magic
  5391 | D:5      | Reached XP level 8. HP: 36/46 MP: 5/14
  5564 | D:5      | Reached skill level 5 in Dodging
  6277 | D:5      | Learned a level 4 spell: Flame Wave
  6503 | D:6      | You fall into a shaft and drop 2 floors!
  6509 | D:8      | Found Xoufole's Weapon Boutique.
  7055 | D:6      | Reached skill level 5 in Spellcasting
  7228 | D:6      | Found a sparkling altar of Nemelex Xobeh.
  7229 | D:6      | Found an ancient bone altar of Kikubaaqudgha.
  7233 | D:6      | Found a glowing golden altar of the Shining One.
  7235 | D:6      | Found a bloodstained altar of Trog.
  7236 | D:6      | Found a shimmering altar of Xom.
  7236 | D:6      | Found a burning altar of Makhleb.
  7239 | D:6      | Found an ornate altar of the Wu Jian Council.
  7493 | D:6      | Reached skill level 5 in Conjurations
  7572 | D:6      | Reached skill level 6 in Stealth
  7572 | D:6      | Reached XP level 9. HP: 51/51 MP: 7/17
  7722 | D:4      | Bought a book of Spatial Translocations for 252 gold pieces
  7725 | D:4      | Learned a level 2 spell: Blink
  7795 | D:7      | Learned a level 2 spell: Poisonous Vapours
  7885 | D:7      | Slain by a wight

Illustrated notes

Levels and vault maps discovered:
D:1:      minmay_arrival_three_doors, layout_basic
D:2:      layout_basic, nicolae_ecumenical_oubliette, serial_shops, shop,
          uniq_terence
D:3:      layout_loops_ring, fiery_altar_vehumet, uniq_crazy_yiuf_cottage,
          uniq_jessica
D:4:      layout_loops_ring, minmay_temple_entry_overgrown,
          nicolae_take_the_stairs
D:5:      layout_gridville, hangedman_glass_teeth, minmay_misc_feat_five
D:6:      nicolae_cairo_tiling_large_dashed, layout_rooms, minitemple,
          grunt_decor_clamped, roderic_batcave, due_unseen_surprise
D:7:      layout_gridville, uniq_duvessa, uniq_maggie
D:8:      layout_loops_ring, erik_lair_dragon, serial_shops,
          nicolae_shop_bloodbath_and_beyond, enter_ossuary_3, uniq_amaemon
Temple:   nicolae_temple_bog_church

Skill      XL: |  1  2  3  4  5  6  7  8 |
---------------+-------------------------+-----
Stealth        | 3 4 5 6 |  6.1
Dodging        | 3 4 5 |  5.9
Spellcasting   | 3 4 5 |  5.4
Conjurations   | 2 4 5 |  5.1
Fire Magic     | 4 5 |  5.9
Translocations | |  0.8
Poison Magic   | |  0.6

Action                     |  1- 3 |  4- 6 |  7- 9 || total
---------------------------+-------+-------+-------++-------
  Melee: Unarmed           |    25 |     9 |       ||    34
         Constrict         |     5 |     4 |     1 ||    10
         Tentacles         |     7 |       |     1 ||     8
         Dagger            |       |       |     3 ||     3
   Cast: Foxfire           |    64 |    76 |   122 ||   262
         Scorch            |     7 |    18 |    31 ||    56
    Use: Scroll            |       |       |     2 ||     2
   Stab: Sleeping          |     1 |       |       ||     1
 Armour: Skin              |     3 |     1 |     1 ||     5
  Dodge: Dodged            |    25 |     5 |    23 ||    53
  Block: Buckler           |       |     1 |     4 ||     5

Table legend: (Time is in decaauts)
 A = Elapsed time spent in this place.
 B = Non-inter-level travel time spent in this place.
 C = Inter-level travel time spent in this place.
 D = Time resting spent in this place.
 E = Time spent auto-exploring this place.
 F = Levels seen in this place.
 G = Mean time per level.
                   A        B        C        D        E       F      G
               +--------+--------+--------+--------+--------+-----+--------+
         Total |   7888 |   7486 |    402 |    627 |   5768 |   9 |  876.4 |
       Dungeon |   7762 |   7367 |    395 |    627 |   5663 |   8 |  970.2 |
        Temple |    125 |    118 |      7 |      0 |    105 |   1 |  125.0 |
               +--------+--------+--------+--------+--------+-----+--------+

Top non-repeatable levels by time:
     D:5: 1767 daAuts
     D:4: 1238 daAuts
     D:3: 1203 daAuts
     D:2: 1178 daAuts
     D:6: 1092 daAuts
     D:1: 1066 daAuts
  Temple: 125 daAuts
     D:7: 125 daAuts
     D:8: 90 daAuts
